 Dungeon Crawl Stone Soup version 0.31-a0-75-g6fe912e8c5 (webtiles) character file.

Game seed: 17108728161063496984

42 Flugkiller the Trooper (level 3, 0/21 HPs)
             Began as a Vine Stalker Berserker on May 23, 2023.
             Was a Follower of Trog.
             Succumbed to an adder's poison
             ... on level 2 of the Dungeon.
             The game lasted 00:02:36 (1343 turns).

Flugkiller the Trooper (Vine Stalker Berserker)     Turns: 1343, Time: 00:02:36

Health: 0/21       AC:  3    Str: 21    XL:     3   Next: 54%
Magic:  4/4        EV: 12    Int:  7    God:    Trog [*.....]
Gold:   76         SH:  0    Dex: 15    Spells: 2/2 levels left

rFire   . . .        a - +0 falchion
rCold   . . .        (no shield)
rNeg    . . .        b - +0 animal skin
rPois   .            (no helmet)
rElec   .            (no cloak)
rCorr   .            (no gloves)
SInv    .            c - +0 pair of boots
Will    .....        (no amulet)
Stlth   ++           (no ring)
HPRegen 0.23/turn    (no ring)
MPRegen 0.09/turn

%: guardian spirit
@: mighty, lethally poisoned (0 -> -2), on berserk cooldown, slowed, very slow
A: fangs 2, magic shield, antimagic bite, no potion heal 2, thin skeletal
structure 1, deterioration 1
a: Renounce Religion, Berserk


You were on level 2 of the Dungeon.
You worshipped Trog.
Trog was aware of your devotion.
You visited 1 branch of the dungeon, and saw 2 of its levels.

You collected 76 gold pieces.

Inventory:

Hand Weapons
 a - a +0 falchion (weapon)
 g - a +0 battleaxe
   (You found it on level 1 of the Dungeon)
 j - a +0 spear
   (You found it on level 1 of the Dungeon)
Armour
 b - a +0 animal skin (worn)
 c - a +0 pair of boots (worn)
   (You found it on level 1 of the Dungeon)
Jewellery
 o - a ring of ice
   (You found it on level 2 of the Dungeon)
Scrolls
 f - a scroll of vulnerability {unknown}
 i - a scroll of identify {unknown}
 m - a scroll of brand weapon {unknown}
 t - 3 scrolls of teleportation
 z - a scroll of blinking
Potions
 k - a potion of berserk rage {unknown}
 l - a potion of invisibility {unknown}
 n - a potion of degeneration {unknown}
 p - a potion of ambrosia {unknown}
 q - a potion of attraction {unknown}


   Skills:
 + Level 4.0 Fighting
 - Level 2.6 Long Blades
 - Level 1.5 Armour
 - Level 1.5 Dodging


You had 2 spell levels left.
You didn't know any spells.
Your spell library was empty.

Dungeon Overview and Level Annotations

Branches:
Dungeon (2/15) Zot: 10639

Altars:


Innate Abilities, Weirdness & Mutations

You have extremely sharp teeth.
When hurt, damage is shared between your health and your magic reserves.
Your bite disrupts and absorbs the magic of your enemies.
Potions cannot restore your health.
You have a somewhat thin skeletal structure. (Dex +2, Stealth+)
Your body sometimes deteriorates upon taking damage.


Message History

You climb upwards.
There is a stone staircase leading down here.
Blink to where?
Press: ? - help, Dir - move target, f - you Are you sure you want to cancel this blink?
Okay, then.
As you read the scroll labelled PIS ALATUW, it crumbles to dust.
It was a scroll of blinking.
z - a scroll of blinking
Okay, then.
You climb downwards.
There is a stone staircase leading up here.
t - 3 scrolls of teleportation (gained 1)
e - a ruby potion You now have 76 gold pieces (gained 5).
o - a ring of ice
Found a book of Spatial Translocations.
You see here a book of Spatial Translocations.
You see here a bat skeleton.
A bat comes into view.
Unknown command.
You hit the bat but do no damage. The bat hits you. The bat misses you.
You hit the bat.
You kill the bat!
Trog accepts your kill.
No target in view!
Okay, then.
HP restored.
Found a stone staircase leading down.
p - a clear potion
Found a stone staircase leading up.
You see here a staff of cold.
q - a fuming green potion You see here a staff of cold.
An adder comes into view.
The adder hisses angrily.
An adder is nearby!
You closely miss the adder. You bite the adder. You drain its power.
The adder is heavily wounded.
The adder misses you. x2
You closely miss the adder.
The adder is heavily wounded.
The adder closely misses you.
You barely miss the adder.
The adder is heavily wounded.
The adder bites you.
You are poisoned.
The adder poisons you! The adder bites you.
You are more poisoned.
The adder poisons you!
You barely miss the adder.
The adder is heavily wounded.
You feel very sick. The adder bites you.
A red film seems to cover your vision as you go berserk!
You feel yourself moving faster!
You feel mighty!
You feel sick. The adder bites you.
You are more poisoned.
The adder poisons you! The adder closely misses you.
You closely miss the adder. Your bite misses the adder.
The adder is heavily wounded.
You feel very sick. The adder closely misses you.
You closely miss the adder.
The adder is heavily wounded.
You feel sick. The adder bites you.
You slash the adder!
You kill the adder!
Trog accepts your kill.
* * * LOW HITPOINT WARNING * * *
You feel sick.
Training target 4.0 for Fighting reached!
Your Fighting skill increases to level 4!
You need to enable at least one skill for training.
Unknown command.
* * * LOW HITPOINT WARNING * * *
You feel sick.
You feel a strong urge to attack something.
* * * LOW HITPOINT WARNING * * *
You feel sick.
* * * LOW HITPOINT WARNING * * *
You feel sick.
You feel your anger nearly subside.
* * * LOW HITPOINT WARNING * * *
You feel sick.
Unknown command.
You are no longer berserk.
You are exhausted.
You feel yourself slow down.
Unknown command.
It was a potion of magic.
Magic courses through your body.
* * * LOW HITPOINT WARNING * * *
You feel sick.
It was a potion of mutation.
You feel extremely strange.
You feel yourself wasting away.
Your bones become slightly less dense.
* * * LOW HITPOINT WARNING * * *
You feel sick.
It was a potion of might.
You feel very mighty all of a sudden.
You die...

##.## #.# ##.#.# ##...##
#.# #..#.# ###.....######
#.# #.##.# #............#
#.# #.##.# #.#.....####.#
#.# #.##.# #.##...## #.#
##.###.##.# # ##.## ##.##
##...##.##.#
#.#####...###.###.#.##.#
............@.###...##.#
###.####...###.......##.#
##..........).##.####
......<####...#........#
#####.## ##.##........#
...# #.#.........###
##### #...#..........
###.......|.###
##........#


There were no monsters in sight!

Vanquished Creatures
  2 adders (D:2)
  An orc (D:1)
  3 ball pythons
  An endoplasm (D:1)
  2 giant cockroaches (D:1)
  A goblin (D:1)
  4 hobgoblins
  A kobold (D:1)
  A quokka (D:1)
  3 bats
  2 rats
21 creatures vanquished.

Notes
Turn   | Place    | Note
-------+----------+-------------------------------------------
     0 | D:1      | Flugkiller the Vine Stalker Berserker began the quest for
                  | the Orb.
     0 | D:1      | Reached XP level 1. HP: 11/11 MP: 2/2
   131 | D:1      | Reached skill level 3 in Fighting
   384 | D:1      | Reached XP level 2. HP: 16/16 MP: 3/3
   421 | D:1      | Found a faded altar of an unknown god.
  1009 | D:2      | Reached XP level 3. HP: 18/21 MP: 2/4
  1336 | D:2      | Reached skill level 4 in Fighting
  1342 | D:2      | Gained mutation: Your body sometimes deteriorates upon
                  | taking damage. [potion of mutation]
  1342 | D:2      | Gained mutation: You have a somewhat thin skeletal
                  | structure. (Dex +2, Stealth+) [potion of mutation]
  1342 | D:2      | HP: 1/21 [poisoned by an adder]
  1343 | D:2      | Succumbed to an adder's poison

Illustrated notes

Levels and vault maps discovered:
D:1:      lightli_arrival_quake, layout_basic,
          hellmonk_ecumenical_altar_heavens_door
D:2:      layout_loops_ring

Skill      XL: |  1  2  3 |
---------------+----------+-----
Fighting       | 3 4 |  4.0
Long Blades    | |  2.6
Armour         | |  1.5
Dodging        | |  1.5

Action                     || total
---------------------------++-------
  Melee: Falchion          ||    55
         Bite              ||     8
         Punch             ||     1
 Invoke: Berserk           ||     2
    Use: Scroll            ||     2
         Potion            ||     3
   Stab: Sleeping          ||     1
 Armour: Animal skin       ||    11
  Dodge: Dodged            ||    40

Table legend: (Time is in decaauts)
 A = Elapsed time spent in this place.
 B = Non-inter-level travel time spent in this place.
 C = Inter-level travel time spent in this place.
 D = Time resting spent in this place.
 E = Time spent auto-exploring this place.
 F = Levels seen in this place.
 G = Mean time per level.
                   A        B        C        D        E       F      G
               +--------+--------+--------+--------+--------+-----+--------+
         Total |   1360 |   1318 |     42 |     57 |    839 |   2 |  680.0 |
       Dungeon |   1360 |   1318 |     42 |     57 |    839 |   2 |  680.0 |
               +--------+--------+--------+--------+--------+-----+--------+

Top non-repeatable levels by time:
     D:1: 957 daAuts
     D:2: 402 daAuts
